 Dungeon Crawl Stone Soup version 0.24-b1 (webtiles) character file.

Game seed: 10673374525683291114, levelgen mode: deterministic

1136 Arixos the Charmwright (level 8, -6/42 HPs)
             Began as a Vine Stalker Skald on Oct 12, 2019.
             Was a Believer of Makhleb.
             Killed by divine providence
             ... invoked by an orc priest
              (16 damage)
             ... on level 5 of the Dungeon.
             The game lasted 00:36:35 (4746 turns).

Arixos the Charmwright (Vine Stalker Skald)         Turns: 4746, Time: 00:36:37

Health: -6/42      AC:  4    Str: 17    XL:     8   Next: 36%
Magic:  0/15       EV: 13    Int: 13    God:    Makhleb [**....]
Gold:   280        SH:  0    Dex: 18    Spells: 7/15 levels left

rFire    . . .     SeeInvis .   a - +0 falchion
rCold    . . .     Gourm    .   (no shield)
rNeg     . . .     Faith    .   b - +0 leather armour
rPois    .         Spirit   +   (no helmet)
rElec    .         Reflect  .   x - +0 cloak
rCorr    .         Harm     .   (no gloves)
MR       +....                  (no boots)
Stlth    +.........             (no amulet)
HPRegen  0.54/turn              m - +2 ring of dexterity
MPRegen  0.14/turn              u - +3 ring of strength

@: shrouded, singing (expiring), very slightly contaminated
A: fangs 3, regeneration 1, magic shield, antimagic bite, no potion heal 3, rot
immunity
a: Minor Destruction, Renounce Religion


You were on level 5 of the Dungeon.
You worshipped Makhleb.
Makhleb was pleased with you.
You were hungry.

You visited 2 branches of the dungeon, and saw 6 of its levels.
You also visited: Sewer and Ossuary.

You collected 280 gold pieces.

Inventory:

Hand Weapons
 a - a +0 falchion (weapon)
Missiles
 k - 22 poisoned darts (quivered)
 q - 3 atropa-tipped darts
Armour
 b - a +0 leather armour (worn)
 x - a +0 cloak (worn)
Jewellery
 m - a +2 ring of dexterity (left hand)
 u - a +3 ring of strength (right hand)
Scrolls
 e - 2 scrolls of remove curse
 g - 8 scrolls of identify
 h - a scroll of enchant armour {unknown}
 l - 3 scrolls of amnesia {unknown}
 n - 3 scrolls of teleportation {unknown}
 o - a scroll of fog {unknown}
 p - 2 scrolls of noise {unknown}
 r - a scroll of random uselessness {unknown}
 t - a scroll of immolation {unknown}
 y - a scroll of magic mapping
 B - a scroll of fear {unknown}
 C - a scroll of blinking {unknown}
Potions
 c - 9 potions of heal wounds {unknown}
 f - 7 potions of curing {unknown}
 i - 3 potions of magic {unknown}
 s - 3 potions of flight {unknown}
 v - a potion of cancellation {unknown}
 w - 3 potions of haste {unknown}
 z - a potion of agility {unknown}
 A - a potion of brilliance {unknown}
Comestibles
 d - 16 rations
 j - 3 chunks of flesh


   Skills:
 + Level 3.7 Fighting
 + Level 3.9 Long Blades
 - Level 1.0 Armour
 + Level 3.3 Dodging
 + Level 4.2 Spellcasting
 + Level 4.7 Charms
 + Level 3.0 Necromancy
 + Level 3.0 Translocations


You had 7 spell levels left.
You knew the following spells:

 Your Spells              Type           Power        Failure   Level  Hunger
a - Song of Slaying       Chrm           ##......     5%          2    ##.....
b - Infusion              Chrm           ##..         3%          1    None
r - Regeneration          Chrm/Necr      ##........   14%         3    ###....
s - Shroud of Golubria    Chrm/Tloc      ##....       8%          2    ##.....

Your spell library contained the following spells:

 Spells                   Type           Power        Failure   Level  Hunger
 Spectral Weapon          Hex/Chrm       #.......     28%         3    ###....


Dungeon Overview and Level Annotations

Branches:
Dungeon (5/15)             Temple (1/1) D:4           Sewer (visited)
Ossuary (visited)

Altars:
Ashenzari
Cheibriados
Dithmenos
Fedhas
Hepliaklqana
Kikubaaqudgha
Makhleb
Nemelex Xobeh
Ru
Trog
Wu Jian
Xom
Zin
Lugonu

Shops:
D:4 *


Innate Abilities, Weirdness & Mutations

You have razor-sharp teeth.
Your natural rate of healing is unusually fast.
When hurt, damage is shared between your health and your magic reserves.
Your bite disrupts and absorbs the magic of your enemies.
Potions cannot restore your health.
You are immune to rotting.


Message History

You hit the orc.
The orc is lightly wounded.
The orc hits you but does no damage.
The orc priest hits you from afar with a +0 trident.
You hit the orc but do no damage. You bite the orc.
You kill the orc!
Makhleb accepts your kill.
The orc priest hits you from afar with a +0 trident!
* * * LOW HITPOINT WARNING * * *
Casting: Regeneration (safe; 14% risk of failure)
Confirm with . or Enter, or press ? or * to list all spells.
Space distorts slightly along a thin shroud covering your body.
The orc priest closely misses you. The orc barely misses you.
You slash the orc!
You kill the orc!
Makhleb accepts your kill.
Your song is almost over.
The orc priest invokes the aid of Beogh against you.
Beogh smites you!
You die...

#...## **,,,,,,,** *,,**
#####..>####.........#***,,,**
...........+...[..?..+,,,,,,,*
#.###....###.........****,,,**
#.# #..#.# **.......** **,,**
#.###.##_# **.....** **,,,**
#.#...##.# **..o** *,*,,,*
#.#.###*.# *#)#* **,*,**
#.#.####.#######@## **,,*
#.................# **,*
##...#.###..#.....#####***,*
#.#...# #..#.#........,,,,*
#...#.###..(......###******
#####......###...##
######.####..# #..)....#
######.##


You could see an orc priest.

Vanquished Creatures
  Sigmund (D:2)
  An ice beast (D:5)
  4 centaur zombies
  A hound (D:5)
  4 human zombies (Ossuary)
  A jelly (D:4)
  3 orc wizards (D:5)
  A bullfrog skeleton (D:4)
  An iguana (D:5)
  2 worker ants
  A big kobold zombie (Ossuary)
  A hound zombie (Ossuary)
  4 mummies
  A hound skeleton (D:5)
  9 adders
  A howler monkey skeleton (D:4)
  2 river rats (D:5)
  4 oozes
  2 adder zombies (Ossuary)
  7 worms
  3 dart slugs
  2 leopard geckos
  17 orcs
  6 ball pythons
  5 giant cockroaches
  A gnoll zombie (Ossuary)
  6 goblins
  3 hobgoblins
  2 jackals (D:5)
  5 quokkas
  9 bats
  10 frilled lizards
  A giant cockroach zombie (D:5)
  6 goblin zombies
  5 hobgoblin zombies (Ossuary)
  18 kobolds
  A kobold zombie (Ossuary)
  2 leopard gecko skeletons (D:5)
  2 orc zombies
  4 quokka zombies (Ossuary)
  7 rats
  8 rat zombies (Ossuary)
174 creatures vanquished.

Notes
Turn   | Place    | Note
-------+----------+-------------------------------------------
     0 | D:1      | Arixos the Vine Stalker Skald began the quest for the Orb.
     0 | D:1      | Reached XP level 1. HP: 11/11 MP: 4/4
    42 | D:1      | Reached XP level 2. HP: 9/15 MP: 4/6
    98 | D:1      | Reached skill level 1 in Armour
   408 | D:1      | Learned a level 2 spell: Shroud of Golubria
   460 | D:1      | Reached XP level 3. HP: 18/18 MP: 7/7
  1211 | D:2      | Found a shadowy altar of Dithmenos.
  1474 | D:2      | Gained mutation: Your natural rate of healing is unusually
                  | fast. [Vine Stalker growth]
  1474 | D:2      | Reached XP level 4. HP: 23/23 MP: 8/8
  1479 | D:2      | Learned a level 3 spell: Regeneration
  1783 | D:2      | Noticed Sigmund
  1808 | D:2      | Killed Sigmund
  1808 | D:2      | Reached skill level 1 in Necromancy
  1808 | D:2      | Reached skill level 1 in Translocations
  1808 | D:2      | Reached XP level 5. HP: 27/27 MP: 8/10
  1828 | D:2      | Learned a level 2 spell: Song of Slaying
  1979 | D:3      | Reached XP level 6. HP: 32/32 MP: 8/11
  2144 | D:3      | Found a sacrificial altar of Ru.
  2148 | D:3      | Found a snail-covered altar of Cheibriados.
  2153 | D:3      | Found a hazy altar of Hepliaklqana.
  2450 | D:4      | Found Uronebroucw's Assorted Antiques.
  2547 | D:4      | Found a sand-covered staircase.
  2563 | Ossuary  | Entered an ossuary
  2871 | Ossuary  | Reached XP level 7. HP: 35/36 MP: 11/13
  3246 | D:4      | Found a staircase to the Ecumenical Temple.
  3254 | Temple   | Entered the Ecumenical Temple
  3294 | Temple   | Became a worshipper of Makhleb the Destroyer
  3421 | D:4      | Found a blossoming altar of Fedhas.
  3711 | D:5      | Entered Level 5 of the Dungeon
  3728 | D:5      | Found a shattered altar of Ashenzari.
  3864 | D:5      | Gained mutation: You have razor-sharp teeth. [Vine Stalker
                  | growth]
  3864 | D:5      | Reached XP level 8. HP: 40/40 MP: 13/15
  3983 | D:5      | Found a glowing drain.
  4006 | Sewer    | Entered a sewer
  4092 | Sewer    | Reached * piety under Makhleb
  4619 | D:5      | Found a bloodstained altar of Trog.
  4733 | D:5      | Reached ** piety under Makhleb
  4746 | D:5      | Killed from afar by an orc priest

Skill      XL: |  1  2  3  4  5  6  7  8 |
---------------+-------------------------+-----
Armour         | 1 |  1.0
Long Blades    | 2 3 |  3.9
Fighting       | 2 3 |  3.7
Dodging        | 2 3 |  3.3
Spellcasting   | 3 4 |  4.2
Necromancy     | 1 2 3 |  3.0
Translocations | 1 2 3 |  3.0
Charms         | 4 |  4.7

Action                   |  1- 3 |  4- 6 |  7- 9 || total
-------------------------+-------+-------+-------++-------
Melee: Falchion          |    94 |   193 |   293 ||   580
       Bite              |    26 |    73 |   134 ||   233
Throw: Dart              |       |     8 |       ||     8
 Cast: Infusion          |     2 |       |       ||     2
       Shroud of Golubri |     6 |    19 |    28 ||    53
       Regeneration      |       |     4 |     2 ||     6
       Song of Slaying   |       |     4 |     2 ||     6
  Use: Scroll            |       |     3 |     1 ||     4
 Stab: Sleeping          |     3 |       |     1 ||     4
  Eat: Chunk             |     2 |     6 |     6 ||    14
       Ration            |       |       |     1 ||     1
Armor: Leather armour    |    24 |    31 |    69 ||   124
Dodge: Dodged            |    68 |   107 |   177 ||   352
       Rpst.: Falchion   |    22 |    32 |    54 ||   108
